 Dungeon Crawl Stone Soup version 0.18.1-47-g9310371 (webtiles) character file.

424538 Woazn the Hoplite (level 23, -2/185 HPs)
             Began as a Hill Orc Fighter on June 21, 2016.
             Was the Champion of Yredelemnul.
             Killed from afar by a hell hog (14 damage)
             ... with a fireball
             ... on level 4 of the Abyss.
             The game lasted 03:15:25 (46386 turns).

Woazn the Hoplite (Hill Orc Fighter)               Turns: 46386, Time: 03:15:26

Health: -2/185     AC: 34    Str: 22    XL:     23   Next: 43%
Magic:  22/27      EV: 16    Int:  8    God:    Yredelemnul [******]
Gold:   2205       SH: 33    Dex: 21    Spells: 0 memorised, 22 levels left

rFire  + . .     SeeInvis +     d - +9 broad axe (elec)
rCold  + + +     Gourm    .     D - +6 chain mail of Vailouq {rC+++ MP-9 SInv}
rNeg   . . .     Faith    .     H - +5 large shield
rPois  .         Spirit   .     O - +1 hat {MR+}
rElec  .         Dismiss  .     z - +2 cloak
rCorr  .         Reflect  +     s - +2 pair of gloves
SustAt .         Harm     .     c - +2 pair of boots {Stlth+}
MR     +++..                    T - +4 amulet of reflection
Stlth  ..........               K - ring of protection from magic
                                y - ring "Doxy" {+Fly rF+ Dex+4}

@: extremely resistant to hostile enchantments, extremely unstealthy
A: frail 1, slow regeneration 1
a: Recall Undead Slaves, Injury Mirror, Animate Dead, Drain Life, Enslave Soul,
Renounce Religion, Evoke Flight
}: 3/15 runes: decaying, silver, gossamer


You were on level 4 of the Abyss.
You worshipped Yredelemnul.
Yredelemnul was exalted by your worship.
You were not hungry.

You visited 8 branches of the dungeon, and saw 43 of its levels.
You visited the Abyss 2 times.
You also visited: Labyrinth.

You collected 4356 gold pieces.
You spent 2151 gold pieces at shops.

Inventory:

Hand Weapons
 a - a +3 war axe of flaming
 d - a +9 broad axe of electrocution (weapon)
Missiles
 E - 3 throwing nets (quivered)
Armour
 c - a +2 pair of boots of stealth (worn)
 s - a +2 pair of gloves (worn)
 z - a +2 cloak (worn)
 D - the +6 chain mail of Vailouq (worn) {rC+++ MP-9 SInv}
   (You took it off a minotaur in a labyrinth)

   It renders you almost immune to cold.
   It affects your magic capacity (-9).
   It lets you see invisible.
 H - a +5 large shield (worn)
 J - a +2 helmet
 O - a +1 hat of magic resistance (worn)
Jewellery
 o - an uncursed ring of protection from cold
 r - an uncursed ring of sustain attributes
 y - the ring "Doxy" (left hand) {+Fly rF+ Dex+4}
   (You bought it in a shop on level 10 of the Dungeon)

   [ring of flight]

   It affects your dexterity (+4).
   It protects you from fire.
   It lets you fly.
 B - a +3 ring of evasion
 C - the amulet of Yvuacon {Spirit rElec Str+3}
   (You found it on level 10 of the Dungeon)

   [amulet of guardian spirit]

   It causes incoming damage to be split between your health and magic.
   It affects your strength (+3).
   It insulates you from electricity.
 K - a ring of protection from magic (right hand)
 T - a +4 amulet of reflection (around neck)
Wands
 b - a wand of lightning (10/15)
 k - a wand of acid (8/15)
 w - a wand of lightning (12/15)
 P - a wand of slowing (23/48)
 S - a wand of teleportation (3/9)
 V - a wand of acid (3/15)
Scrolls
 i - 21 scrolls of remove curse
 j - 9 scrolls of identify
 m - 3 scrolls of immolation
 v - 3 scrolls of magic mapping
 I - 7 scrolls of teleportation
 L - 6 scrolls of recharging
 N - a scroll of fear
 Q - a scroll of blinking
 W - 4 scrolls of fog
 X - a scroll of silence
Potions
 e - a potion of haste
 l - 6 potions of ambrosia
 n - 3 potions of invisibility
 p - 7 potions of flight
 t - 2 potions of resistance
 x - 9 potions of curing
 A - 5 potions of heal wounds
 F - 4 potions of cancellation
 M - 3 potions of agility
 U - a potion of cure mutation
Miscellaneous
 G - a disc of storms
Comestibles
 f - 11 bread rations
 g - 10 beef jerkies
 h - 13 meat rations
 q - 6 slices of pizza
 u - 41 fruits
 R - 14 royal jellies


   Skills:
 + Level 17.3 Fighting
 - Level 19.0 Axes
 - Level 20.3 Armour
 - Level 11.0 Dodging
 - Level 21.5 Shields
 - Level 18.0 Invocations


You had 22 spell levels left.
You didn't know any spells.

Dungeon Overview and Level Annotations

Branches:
Dungeon (15/15)            Temple (1/1) D:6            Lair (8/8) D:8
  Swamp (4/4) Lair:6       Spider (4/4) Lair:6        Slime (0/6) Lair:8
    Orc (2/2) D:12            Elf (0/3) Orc:2        Vaults (5/5) D:14
 Depths (4/5) D:15
  Crypt: Vaults:2-3

Altars:
Ashenzari
Cheibriados
Dithmenos
Elyvilon
Fedhas
Gozag
Kikubaaqudgha
Makhleb
Nemelex Xobeh
Okawaru
Pakellas
Qazlal
Ru
Sif Muna
Trog
Vehumet
Xom
Yredelemnul
Zin
The Shining One
Jiyva

Shops:
D:4 %   D:10 =   D:11 (*(   D:12 =   Orc:2 [(?%   Depths:3 %

Portals:
Hell: Lair:8
Abyss: Depths:4

Annotations:
Lair:8 exclusion: oklob plant


Innate Abilities, Weirdness & Mutations

You are frail (-10% HP).
You regenerate slowly when monsters are visible.


Message History

You kill the hell hog!
Yredelemnul accepts your kill.
You slash the hell hog!
The hell hog is heavily wounded.
You block the hell hog's attack.
A lurking horror comes into view.
Unknown command.
You hit the hell hog.
The hell hog is severely wounded.
You slash the lurking horror!
There is a sudden explosion of sparks!
The lurking horror explodes!
Your body is wracked with pain!
* * * LOW HITPOINT WARNING * * *
The smoke demon gestures at you. Something smites you!
* * * LOW HITPOINT WARNING * * *
The hell hog breathes fire at you.
The fireball explodes!
The fireball engulfs you! You resist.
You die...
Your body rises from the dead as a mindless zombie.

. #≈≈. ..#
##.# #
.#≈≈§#. ..
#.#
≈≈≈♣≈≈. .
## .#
≈≈≈≈.. ..#
## ≈# #..
...# .#
≈..#.
##.#..# ≈#
.#..#..#
#..###†3.#
#...@h###
#....#.#
#..##.##.#
#.# ##. ##
# # #. .


You could see a hell hog and a smoke demon.

Vanquished Creatures
  An ancient lich (Abyss:3)
  2 golden dragons (Vaults:5)
  A bone dragon (Abyss:4)
  A profane servitor (Abyss:3)
  3 tentacled monstrosities
  A lich (Abyss:2)
  3 titans (Vaults:5)
  2 quicksilver dragons (Vaults:5)
  10 tentacled starspawn
  Gastronok (Lair:3)
  2 tengu reavers
  A storm dragon (Vaults:5)
  Frances (Lair:6)
  A sphinx (Vaults:5)
  The ghost of Kloppie the Warrior, an adept DrBe of Trog (Swamp:3)
  3 shadow dragons (Vaults:5)
  A thorn hunter (Swamp:4)
  A revenant (Abyss:3)
  3 fire giants
  4 frost giants
  Maud (Orc:1)
  10 vault wardens
  A deep elf elementalist (Vaults:5)
  An iron dragon (Vaults:5)
  A draconian scorcher (Abyss:3)
  2 emperor scorpions
  5 ironheart preservers
  An orc warlord (Vaults:3)
  A draconian annihilator (Abyss:3)
  10 very ugly things
  4 stone giants
  2 lorocyprocas (Abyss:3)
  2 spark wasps (Depths:3)
  7 ettins
  4 deep elf death magi (Vaults:5)
  2 deep elf high priests
  20 vault guards
  5 yaktaur captains
  4 great orbs of eyes
  A minotaur (Lab)
  2 ice dragons
  2 rakshasas (Vaults:1)
  Harold (D:10)
  13 hydras
  A ghost crab (shapeshifter) (Vaults:5)
  6 centaur warriors
  A death knight (Vaults:1)
  7 death yaks
  7 alligators
  2 orc high priests (Orc:2)
  3 tengu warriors
  2 ogre magi
  9 thrashing horrors
  2 hell hogs (Abyss:4)
  2 storm dragon zombies (Abyss:3)
  2 sun demons
  Sonja (Lair:1)
  A deep elf knight (D:15)
  A titan skeleton (Abyss:3)
  Nergalle (D:11)
  A soul eater (Abyss:3)
  7 wretched stars
  2 giant orange brains
  5 unseen horrors
  2 spatial maelstroms (Abyss:3)
  2 deep trolls (Vaults:4)
  2 unseen horrors (shapeshifter)
  3 swamp dragons (Swamp:4)
  A flayed ghost (Vaults:3)
  5 ironbrand convokers
  5 necromancers
  A shambling mangrove (Swamp:3)
  3 phantasmal warriors
  5 hill giants
  2 lindwurms
  A hill giant (shapeshifter) (Vaults:5)
  5 orb spiders
  7 orc knights
  A stone giant zombie (Abyss:3)
  A hornet (shapeshifter) (D:15)
  An orb spider (shapeshifter) (Vaults:3)
  A sphinx zombie (Vaults:3)
  A shining eye (Abyss:3)
  8 deep elf magi
  A shadow dragon skeleton (Vaults:3)
  4 wolf spiders
  3 griffons
  3 orc sorcerers
  15 ugly things
  2 hornets
  2 manticores
  A fire giant zombie (Vaults:3)
  4 cyclopes
  A sixfirhy (Abyss:3)
  4 black mambas
  3 worldbinders
  Maurice (D:9)
  8 vault sentinels
  3 orange demons
  7 smoke demons
  An apocalypse crab (Abyss:3)
  5 gargoyles
  19 spiny frogs
  7 rime drakes
  A yaktaur (shapeshifter) (D:14)
  5 komodo dragons
  2 human zombies (Vaults:5)
  2 demonic crawlers
  2 efreet
  3 freezing wraiths
  8 yaktaurs
  2 hellwings (Abyss:3)
  2 tengu conjurers
  8 ice devils
  11 ancient zymes
  A queen bee (Lair:3)
  4 jumping spiders
  9 trolls
  4 giant leeches
  A boulder beetle (shapeshifter) (Vaults:2)
  A polar bear (Lair:2)
  12 slime creatures
  11 two-headed ogres
  2 boulder beetles
  15 blink frogs
  3 bog bodies
  18 raiju
  A fire giant simulacrum (Depths:4)
  A frost giant simulacrum (Abyss:3)
  5 wyverns
  A spriggan (Swamp:1)
  2 shadows
  8 wraiths
  31 redbacks
  A spriggan (shapeshifter) (D:14)
  2 ynoxinuls
  A water elemental (Depths:1)
  9 tarantellas
  28 yaks
  The ghost of kohrah the Covert, an amateur SpEn (D:4)
  A human (D:7)
  A vampire (D:15)
  A basilisk (shapeshifter) (Abyss:4)
  17 vampire mosquitoes
  Eustachio (D:5)
  2 hogs (D:7)
  A neqoxec (Abyss:3)
  6 basilisks
  Grum (D:9)
  12 hippogriffs
  8 hungry ghosts
  5 chaos spawn
  A steam dragon (D:12)
  3 wargs
  An elf simulacrum (Depths:4)
  17 small abominations
  7 swamp worms
  5 insubstantial wisps
  5 mottled dragons
  A soldier ant (shapeshifter) (Vaults:1)
  A hell hound (Lair:8)
  2 soldier ants
  7 water moccasins
  9 porcupines
  28 large abominations
  31 orc warriors
  3 ice beasts
  Purgy (D:4)
  2 swamp drakes
  A black bear (D:6)
  A wasp (shapeshifter) (D:15)
  4 necrophages
  An elf zombie (Vaults:3)
  A phantom (D:11)
  2 eyes of draining
  2 boggarts (Vaults:2)
  A boggart (shapeshifter) (Depths:4)
  A wasp (D:11)
  A tengu (shapeshifter) (Abyss:3)
  A snapping turtle skeleton (Abyss:3)
  18 wolves
  13 ogres
  12 centaurs
  19 crocodiles
  A big kobold (D:11)
  16 giant frogs
  A gnoll sergeant (D:11)
  A water moccasin skeleton (D:5)
  3 scorpions
  29 killer bees
  8 wights (D:11)
  5 howler monkeys
  An electric eel (Lair:1)
  2 troll skeletons (Lab)
  5 centaur zombies
  8 crimson imps
  8 quasits
  43 starcursed masses
  5 hounds
  6 jellies
  23 orc priests
  2 iron imps (Abyss:3)
  8 centaur skeletons
  6 iguanas
  23 orc wizards
  10 worker ants
  18 sheep
  An ogre skeleton (Lab)
  A hound zombie (D:8)
  Robin (D:4)
  A howler monkey skeleton (D:4)
  3 worker ant zombies
  11 adders
  5 gnolls
  26 river rats
  4 shadow imps
  3 white imps
  An ufetubus (Abyss:3)
  2 adder skeletons
  An adder zombie (D:6)
  5 worms
  2 dart slugs
  5 giant geckos
  83 orcs
  8 giant cockroaches
  13 goblins
  6 hobgoblins
  19 jackals
  7 quokkas
  A ball python (D:2)
  10 bats
  A giant gecko zombie (D:5)
  7 giant newts
  12 kobolds
  2 quokka skeletons
  4 rats
  2 briar patches (Swamp:4)
  11 fungi
  A lurking horror (Abyss:4)
  A plant (Lair:8)
  7 starspawn tentacles
  A starspawn tentacle segment (Abyss:1)
1335 creatures vanquished.

Vanquished Creatures (collateral kills)
  Boris (Vaults:5)
  the Lernaean hydra (Swamp:4)
  Jorgrun (Vaults:4)
  2 tentacled monstrosities (Vaults:5)
  A quicksilver dragon (Vaults:5)
  2 titans (Vaults:5)
  2 shadow dragons (Vaults:4)
  3 storm dragons
  2 tengu reavers
  A fire giant (Vaults:5)
  2 frost giants
  8 vault wardens
  An iron dragon (Vaults:5)
  3 emperor scorpions
  4 ghost moths (Spider:4)
  A war gargoyle (Vaults:5)
  2 very ugly things (Vaults:5)
  6 ironheart preservers
  7 stone giants
  A deep elf demonologist (Vaults:1)
  A deep elf annihilator (Vaults:5)
  2 spark wasps
  An ettin (Depths:3)
  13 vault guards
  A deep elf death mage (Vaults:5)
  6 yaktaur captains
  3 great orbs of eyes
  A death knight (Vaults:2)
  10 hydras
  A catoblepas (Lair:3)
  6 centaur warriors
  A death yak (Lair:8)
  6 ogre magi
  A titan zombie (Vaults:5)
  11 alligators
  A deep troll shaman (Vaults:1)
  The ghost of raetorn the Unseen, a journeyman FeEn of Kikubaaqudgha (Orc:1)
  2 orc high priests
  A thrashing horror (Abyss:3)
  4 spriggans
  2 deep elf knights
  A sun demon (Abyss:3)
  A shadow wraith (Vaults:3)
  A fire crab (Vaults:2)
  A sea snake (shapeshifter) (Vaults:5)
  A death drake (shapeshifter) (D:15)
  9 swamp dragons
  4 unseen horrors
  3 deep trolls
  2 large abominations
  A salamander mystic (Depths:3)
  7 ironbrand convokers
  A giant orange brain (Vaults:3)
  2 shambling mangroves
  A golden dragon skeleton (Depths:4)
  2 deep elf archers
  3 necromancers
  A phantasmal warrior (Vaults:5)
  3 orc sorcerers
  9 orc knights
  A human zombie (Vaults:3)
  19 wolf spiders
  2 wizards
  2 cyclopes (D:15)
  11 hornets
  17 slime creatures
  2 griffons
  4 orb spiders
  5 deep elf magi
  A worldbinder (Abyss:3)
  2 human skeletons (Vaults:3)
  A sixfirhy (Lair:8)
  A salamander (Depths:3)
  4 vault sentinels
  An elephant (Lair:8)
  A spriggan zombie (Depths:4)
  7 spiny frogs
  A rime drake (shapeshifter) (Vaults:5)
  A spiny frog (shapeshifter) (Depths:4)
  2 komodo dragons
  An efreet (D:15)
  17 yaktaurs
  4 demonic crawlers
  A hellwing (Lair:8)
  3 freezing wraiths
  An elf skeleton (Depths:4)
  A red devil (Lair:8)
  A tengu conjurer (Depths:3)
  A troll (Orc:1)
  5 two-headed ogres
  13 jumping spiders
  2 giant leeches
  A raiju (shapeshifter) (Vaults:3)
  10 blink frogs
  7 raiju
  4 boulder beetles
  2 bog bodies
  A boulder beetle (shapeshifter) (Vaults:5)
  43 redbacks
  2 water elementals (Depths:1)
  4 wyverns
  A spriggan (shapeshifter) (D:15)
  21 tarantellas
  5 yaks
  3 basilisks
  13 vampire mosquitoes
  4 hippogriffs
  A yaktaur simulacrum (Vaults:3)
  A hungry ghost (D:12)
  11 insubstantial wisps
  2 wargs
  6 swamp worms
  A hell hound (Lair:8)
  2 water moccasins
  3 porcupines
  8 orc warriors
  5 wasps
  8 swamp drakes (Swamp:4)
  An ice beast (Abyss:3)
  A black bear (D:11)
  A black bear (shapeshifter) (Vaults:2)
  2 necrophages
  14 ogres
  2 boggarts (Vaults:2)
  4 wolves
  7 centaurs
  3 crocodiles
  2 giant frogs (D:15)
  7 killer bees
  3 crimson imps (D:15)
  A starcursed mass (Abyss:2)
  An orc priest (Orc:1)
  7 orc wizards
  An iguana (Lair:3)
  13 sheep
  11 river rats
  An orc (shapeshifter) (Vaults:3)
  17 orcs
  A butterfly (Lair:6)
  15 fungi
  5 plants
603 creatures vanquished.

Vanquished Creatures (others)
  3 ghouls
  7 large abominations
  A stone giant (Vaults:3)
  2 vampire knights
  5 small abominations
  A yaktaur captain (Vaults:2)
  An ogre mage (Vaults:3)
  4 skeletal warriors
  4 flayed ghosts
  A deep elf archer (Vaults:5)
  3 phantasmal warriors
  A spectral spriggan (Spider:4)
  A sixfirhy (Abyss:3)
  A spectral orc (Orc:2)
  2 yaktaurs
  2 blink frogs
  A spriggan (Swamp:1)
  6 vampires
  11 flying skulls
  A ynoxinul (Abyss:3)
  4 wraiths
  A golden eye (Abyss:3)
  An ogre (Vaults:5)
  A wasp (Swamp:1)
  A centaur (D:15)
  A spiny frog simulacrum (Abyss:3)
  4 wights
  A jelly (Abyss:3)
  A tengu zombie (Abyss:3)
  An ufetubus (Abyss:2)
  4 crawling corpses
  7 fungi
  2 lurking horrors (Abyss:3)
  2 plants (Lair:8)
  20 starspawn tentacles
  154 starspawn tentacle segments
263 creatures vanquished.

Grand Total: 2201 creatures vanquished

Notes
Turn   | Place    | Note
--------------------------------------------------------------
     0 | D:1      | Woazn the Hill Orc Fighter began the quest for the Orb.
     0 | D:1      | Reached XP level 1. HP: 19/19 MP: 1/1
   163 | D:1      | Reached XP level 2. HP: 24/26 MP: 2/2
   340 | D:1      | Reached XP level 3. HP: 25/31 MP: 3/3
   707 | D:2      | Found a faded altar to an unknown god.
   766 | D:2      | Reached skill level 5 in Axes
  1088 | D:2      | Noticed an air elemental
  1092 | D:2      | Found a stormy altar of Qazlal.
  1095 | D:2      | Noticed a fire elemental
  1095 | D:2      | Noticed an earth elemental
  1095 | D:2      | Noticed a water elemental
  1240 | D:2      | Found an iron altar of Okawaru.
  1276 | D:2      | Reached XP level 4. HP: 36/39 MP: 4/4
  2268 | D:3      | Reached XP level 5. HP: 45/45 MP: 5/5
  2702 | D:3      | Found a bloodstained altar of Trog.
  2832 | D:4      | Noticed an orc warrior
  3400 | D:3      | Reached XP level 6. HP: 32/51 MP: 6/6
  3903 | D:4      | Noticed Purgy
  3922 | D:4      | Killed Purgy
  4051 | D:4      | Found Roant's Food Shop.
  4051 | D:4      | Noticed a hungry ghost
  4087 | D:4      | Killed a hungry ghost
  4087 | D:4      | Reached XP level 7. HP: 42/57 MP: 7/7
  4230 | D:4      | Reached skill level 10 in Axes
  4267 | D:4      | Found an ancient bone altar of Kikubaaqudgha.
  4361 | D:4      | Noticed Robin
  4375 | D:4      | Killed Robin
  4458 | D:4      | Noticed kohrah's ghost (amateur SpEn)
  4486 | D:4      | Killed kohrah's ghost
  4824 | D:5      | Entered Level 5 of the Dungeon
  4879 | D:5      | Found a radiant altar of Vehumet.
  4906 | D:5      | Noticed Eustachio
  4996 | D:4      | Reached XP level 8. HP: 61/64 MP: 8/8
  5086 | D:5      | Killed Eustachio
  5114 | D:5      | Found a shattered altar of Ashenzari.
  6069 | D:6      | Found a staircase to the Ecumenical Temple.
  6091 | Temple   | Entered the Ecumenical Temple
  6251 | Temple   | Became a worshipper of Yredelemnul the Dark
  6404 | D:6      | Found a shimmering altar of Xom.
  6555 | D:7      | Found a glowing golden altar of the Shining One.
  6600 | D:7      | Reached XP level 9. HP: 53/70 MP: 9/9
  6815 | D:7      | Reached skill level 15 in Axes
  6903 | D:7      | Found a blossoming altar of Fedhas.
  7450 | D:8      | Found a staircase to the Lair.
  8184 | D:8      | Reached skill level 5 in Armour
  8594 | D:7      | Reached XP level 10. HP: 44/77 MP: 10/10
  9300 | D:8      | Reached * piety under Yredelemnul
  9915 | D:9      | Noticed Grum
  9943 | D:9      | Killed Grum
 10378 | D:9      | Noticed Maurice
 10585 | D:9      | Found an opulent altar of Gozag.
 10714 | D:9      | Found a snail-covered altar of Cheibriados.
 10722 | D:9      | Reached skill level 4 in Shields
 10795 | D:9      | Killed Maurice
 10795 | D:9      | Reached skill level 5 in Shields
 10828 | D:9      | Noticed a hill giant
 10938 | D:10     | Entered Level 10 of the Dungeon
 11070 | D:10     | Reached ** piety under Yredelemnul
 11190 | D:10     | Found Ebrokkirr's Jewellery Shoppe.
 11196 | D:10     | Bought the ring "Doxy" {+Fly rF+ Dex+4} for 478 gold pieces
 11411 | D:10     | Got a faintly glowing zirconium amulet
 11532 | D:10     | Noticed Harold
 11561 | D:10     | Killed Harold
 11561 | D:10     | Reached skill level 7 in Shields
 11718 | D:10     | Identified the amulet of Yvuacon {Spirit rElec Str+3} (You found it on level 10 of the Dungeon)
 11757 | D:11     | Found Tyxkabb's Antique Weapon Emporium.
 11845 | D:11     | Reached XP level 11. HP: 65/82 MP: 9/11
 11921 | D:11     | Noticed a brown ugly thing
 11945 | D:11     | Killed a brown ugly thing
 11945 | D:11     | Reached skill level 8 in Shields
 11989 | D:11     | Found a snail-covered altar of Cheibriados.
 12089 | D:11     | Reached skill level 9 in Shields
 12180 | D:11     | Found Vogaheess's General Store.
 12440 | D:11     | Reached *** piety under Yredelemnul
 12692 | D:11     | Killed an unseen horror
 12692 | D:11     | Reached skill level 10 in Shields
 12703 | D:11     | Noticed Nergalle
 12718 | D:11     | Noticed a spectral orc warlord
 12726 | D:11     | Killed Nergalle
 12825 | D:11     | Found Wuteuna's Weapon Shoppe.
 12917 | D:11     | Noticed a five-headed hydra
 12930 | D:11     | Killed a one-headed hydra
 12930 | D:11     | Reached skill level 11 in Shields
 13198 | D:11     | Noticed a hill giant
 13210 | D:11     | Killed a hill giant
 13339 | D:12     | Found Haoshe's Jewellery Shop.
 13572 | D:12     | Reached skill level 10 in Armour
 13608 | D:12     | Received a gift from Yredelemnul
 13900 | D:12     | Reached XP level 12. HP: 90/90 MP: 12/12
 14017 | D:12     | Found a staircase to the Orcish Mines.
 14266 | D:14     | Noticed a centaur warrior
 14280 | D:14     | Killed a centaur warrior
 14320 | D:14     | Reached skill level 12 in Shields
 14361 | D:14     | Reached skill level 1 in Dodging
 14375 | D:14     | Received a gift from Yredelemnul
 14873 | D:14     | Noticed a tengu warrior
 14893 | D:14     | Killed a tengu warrior
 14911 | D:14     | Reached skill level 5 in Dodging
 15280 | D:14     | Noticed an ice dragon
 15293 | D:14     | Killed an ice dragon
 15509 | D:14     | Found a gate to the Vaults.
 15560 | D:14     | Found a sacrificial altar of Ru.
 15599 | D:14     | Reached XP level 13. HP: 79/95 MP: 10/13
 15632 | D:14     | Reached **** piety under Yredelemnul
 15733 | D:14     | Reached skill level 5 in Invocations
 16235 | D:15     | Entered Level 15 of the Dungeon
 16570 | Lair:1   | Entered Level 1 of the Lair of Beasts
 16693 | Lair:1   | Received a gift from Yredelemnul
 16885 | Lair:1   | Noticed Sonja
 17585 | Lair:1   | Killed Sonja
 17712 | Lair:2   | Reached skill level 13 in Shields
 18215 | Lair:2   | Received a gift from Yredelemnul
 18824 | Lair:3   | Received a gift from Yredelemnul
 18826 | Lair:3   | Reached XP level 14. HP: 98/102 MP: 20/20
 18969 | Lair:3   | Reached ***** piety under Yredelemnul
 18978 | Lair:3   | Received a gift from Yredelemnul
 19092 | Lair:3   | Noticed Gastronok
 19101 | Lair:3   | Killed Gastronok
 19481 | Lair:4   | Received a gift from Yredelemnul
 20155 | Lair:5   | Received a gift from Yredelemnul
 20394 | Lair:5   | Reached skill level 14 in Shields
 21138 | Lair:6   | Reached ****** piety under Yredelemnul
 21175 | Lair:6   | Reached skill level 5 in Fighting
 21453 | Lair:6   | Gained mutation: You tend to lose your temper in combat. [potion of mutation]
 21453 | Lair:6   | Gained mutation: You are somewhat resistant to further mutation. [potion of mutation]
 21453 | Lair:6   | Gained mutation: Your body sometimes deteriorates upon taking damage. [potion of mutation]
 21454 | Lair:6   | Lost mutation: Your body sometimes deteriorates upon taking damage. [potion of cure mutation]
 21454 | Lair:6   | Lost mutation: You tend to lose your temper in combat. [potion of cure mutation]
 21454 | Lair:6   | Lost mutation: You are somewhat resistant to further mutation. [potion of cure mutation]
 21781 | Lair:6   | Found a hole to the Spider Nest.
 22026 | Lair:6   | Found a staircase to the Swamp.
 22356 | Lair:7   | Found a labyrinth entrance.
 22378 | Lab      | Entered a labyrinth
 22485 | Lab      | Found an exit through the horrors of the Abyss.
 22707 | Lab      | Got a slimy chain mail
 22904 | Lab      | Identified the +6 chain mail of Vailouq {rC+++ MP-9 SInv} (You took it off a minotaur in a labyrinth)
 23030 | Lab      | Got a warped tin ring
 23042 | Lab      | Identified the ring of Zokiost {rPois Dex-5 SInv Stlth-} (You found it in a labyrinth)
 23103 | Lair:7   | Reached XP level 15. HP: 117/121 MP: 12/21
 23779 | Lair:8   | Entered Level 8 of the Lair of Beasts
 23779 | Lair:8   | Found an ancient bone altar of Kikubaaqudgha.
 23897 | Lair:8   | Received a gift from Yredelemnul
 23938 | Lair:8   | Reached skill level 15 in Armour
 23940 | Lair:8   | Found a burning altar of Makhleb.
 24008 | Lair:8   | Found a gateway to Hell.
 24671 | Lair:8   | Found a staircase to the Slime Pits.
 24672 | Lair:8   | Found a viscous altar of Jiyva.
 24731 | Lair:8   | Received a gift from Yredelemnul
 25090 | Swamp:1  | Entered Level 1 of the Swamp
 25090 | Swamp:1  | Noticed Frances
 25116 | Lair:6   | Killed Frances
 25434 | Lair:6   | Received a gift from Yredelemnul
 26391 | Orc:1    | Entered Level 1 of the Orcish Mines
 26392 | Orc:1    | Noticed raetorn's ghost (journeyman FeEn)
 26393 | Orc:1    | Noticed Maud
 26404 | Orc:1    | Received a gift from Yredelemnul
 26404 | Orc:1    | Killed raetorn's ghost
 26417 | Orc:1    | Killed Maud
 26520 | Orc:1    | Received a gift from Yredelemnul
 26573 | Orc:1    | Received a gift from Yredelemnul
 26712 | Orc:2    | Entered Level 2 of the Orcish Mines
 26713 | Orc:2    | Found a staircase to the Elven Halls.
 26726 | Orc:2    | Reached skill level 15 in Shields
 26900 | Orc:2    | Found Jiops's Armour Shop.
 26909 | Orc:2    | Paralysed by an orc sorcerer for 2 turns
 27333 | Orc:2    | Reached skill level 10 in Invocations
 27874 | Orc:2    | Received a gift from Yredelemnul
 27919 | Orc:2    | Reached XP level 16. HP: 123/128 MP: 15/24
 27921 | Orc:2    | Received a gift from Yredelemnul
 28121 | Orc:2    | Found Xett's Weapon Shoppe.
 28128 | Orc:2    | Found Vieddiuth's Magic Scroll Shoppe.
 28130 | Orc:2    | Found Igyad's Food Shop.
 28140 | Orc:2    | Bought a scroll of recharging for 104 gold pieces
 28140 | Orc:2    | Bought a scroll of acquirement for 572 gold pieces
 28140 | Orc:2    | Bought a scroll of identify for 22 gold pieces
 28140 | Orc:2    | Bought a scroll of acquirement for 572 gold pieces
 28174 | Orc:2    | Bought a slice of pizza for 16 gold pieces
 28174 | Orc:2    | Bought a meat ration for 55 gold pieces
 28174 | Orc:2    | Bought a beef jerky for 16 gold pieces
 28174 | Orc:2    | Bought a slice of pizza for 16 gold pieces
 28564 | Swamp:2  | Cast into level 2 of the Abyss (spriggan rider)
 28953 | Swamp:2  | Escaped the Abyss
 29601 | Swamp:2  | Received a gift from Yredelemnul
 29785 | Swamp:4  | Entered Level 4 of the Swamp
 29950 | Swamp:4  | Got a distressingly furry chain mail
 29961 | Swamp:4  | Identified the +9 chain mail of Mysticism {*Contam +Blink Int+6} (You found it on level 4 of the Swamp)
 30063 | Swamp:4  | Noticed a thorn hunter
 30075 | Swamp:4  | Killed a thorn hunter
 30318 | Swamp:4  | Received a gift from Yredelemnul
 30323 | Swamp:3  | Noticed Kloppie's ghost (adept DrBe)
 30354 | Swamp:3  | Killed Kloppie's ghost
 30397 | Swamp:3  | Reached skill level 16 in Shields
 30727 | Swamp:4  | Received a gift from Yredelemnul
 31332 | Swamp:4  | Received a gift from Yredelemnul
 31345 | Swamp:4  | Noticed the 27-headed Lernaean hydra
 31359 | Swamp:4  | Killed the 27-headed Lernaean hydra
 31685 | Swamp:4  | HP: 6/128 [poison (poison gas)]
 31690 | Swamp:4  | HP: 6/128 [poison (poison gas)]
 31697 | Swamp:4  | HP: 6/128 [poison (poison gas)]
 32160 | Swamp:4  | Got a decaying rune of Zot
 32435 | Swamp:3  | Reached skill level 17 in Shields
 32664 | Spider:1 | Entered Level 1 of the Spider Nest
 32713 | Spider:1 | Reached XP level 17. HP: 76/136 MP: 18/27
 33121 | Spider:1 | Noticed Agnes
 33130 | Spider:1 | Killed Agnes
 33130 | Spider:1 | Enslaved Agnes
 33158 | Spider:2 | Received a gift from Yredelemnul
 33208 | Spider:2 | Reached skill level 10 in Fighting
 33264 | Spider:3 | Received a gift from Yredelemnul
 33455 | Spider:4 | Entered Level 4 of the Spider Nest
 34028 | Spider:4 | Your ally Agnes died
 34029 | Spider:4 | Received a gift from Yredelemnul
 34059 | Spider:4 | Received a gift from Yredelemnul
 34207 | Spider:4 | Got a gossamer rune of Zot
 34790 | D:10     | Bought an uncursed ring of protection from magic for 300 gold pieces
 34900 | Vaults:1 | Entered Level 1 of the Vaults
 34961 | Vaults:1 | Received a gift from Yredelemnul
 35302 | Vaults:1 | Reached skill level 15 in Invocations
 35532 | Vaults:1 | Received a gift from Yredelemnul
 35584 | Vaults:1 | Reached XP level 18. HP: 146/147 MP: 17/29
 35922 | Vaults:2 | Received a gift from Yredelemnul
 35950 | Vaults:2 | Noticed a lich
 36169 | Vaults:2 | Received a gift from Yredelemnul
 36758 | Vaults:3 | Received a gift from Yredelemnul
 36860 | Vaults:3 | Reached skill level 10 in Dodging
 36933 | Vaults:3 | Received a gift from Yredelemnul
 37079 | Vaults:3 | Reached XP level 19. HP: 154/154 MP: 22/31
 37834 | Vaults:5 | Entered Level 5 of the Vaults
 37852 | Vaults:5 | Received a gift from Yredelemnul
 37923 | Vaults:4 | Reached skill level 18 in Shields
 38259 | Vaults:5 | Noticed a tentacled monstrosity
 38260 | Vaults:5 | Noticed a golden dragon
 38260 | Vaults:5 | Noticed Boris
 38313 | Vaults:5 | Noticed a golden dragon
 38329 | Vaults:4 | Killed Jorgrun
 38471 | Vaults:5 | Killed a tentacled monstrosity
 38479 | Vaults:5 | Killed a golden dragon
 38483 | Vaults:5 | Killed a golden dragon
 38483 | Vaults:5 | Reached skill level 19 in Shields
 38487 | Vaults:5 | Killed Boris
 38617 | Vaults:5 | Received a gift from Yredelemnul
 39660 | Vaults:5 | Noticed a tentacled monstrosity
 39668 | Vaults:5 | Reached XP level 20. HP: 76/161 MP: 23/32
 39671 | Vaults:5 | Reached skill level 20 in Shields
 40440 | Vaults:5 | Got a silver rune of Zot
 40623 | Vaults:5 | Reached skill level 21 in Shields
 40623 | Vaults:5 | Reached XP level 21. HP: 159/168 MP: 24/33
 41101 | Vaults:5 | Received a gift from Yredelemnul
 41268 | Vaults:5 | Received a gift from Yredelemnul
 41660 | Vaults:5 | Received a gift from Yredelemnul
 41868 | Vaults:5 | Received a gift from Yredelemnul
 42050 | Vaults:5 | Received a gift from Yredelemnul
 42435 | D:15     | Received a gift from Yredelemnul
 42644 | D:15     | Reached XP level 22. HP: 190/190 MP: 25/34
 42741 | D:15     | Got an iridescent war axe
 42742 | D:15     | Identified the +1 war axe "Giant's Toothpick" {chop, rElec rPois Dex+3} (You found it on level 15 of the Dungeon)
 42763 | D:15     | Reached skill level 15 in Fighting
 42820 | D:15     | Received a gift from Yredelemnul
 42886 | D:15     | Found an opulent altar of Gozag.
 42887 | D:15     | Found a blossoming altar of Fedhas.
 42888 | D:15     | Found a sacrificial altar of Ru.
 43010 | D:15     | Found a staircase to the Depths.
 43024 | Depths:1 | Entered Level 1 of the Depths
 43029 | Depths:1 | Received a gift from Yredelemnul
 43128 | Depths:3 | Found Seikh's Food Shop.
 43256 | Depths:4 | Received a gift from Yredelemnul
 43282 | Depths:4 | Found a one-way gate to the infinite horrors of the Abyss.
 43313 | Depths:4 | Voluntarily entered the Abyss.
 43456 | Abyss:2  | Received a gift from Yredelemnul
 44329 | Abyss:3  | Paralysed by accursed screaming for 1 turns
 44985 | Abyss:3  | Received a gift from Yredelemnul
 45365 | Abyss:3  | Noticed an ancient lich
 45382 | Abyss:3  | Killed an ancient lich
 45410 | Abyss:3  | Reached XP level 23. HP: 134/139 MP: 27/36
 45474 | Abyss:3  | Gained mutation: You are frail (-10% HP). [a shining eye]
 45476 | Abyss:3  | Gained mutation: You regenerate slowly when monsters are visible. [a shining eye]
 45912 | Abyss:3  | Received a gift from Yredelemnul
 46067 | Abyss:3  | Found a corrupted altar of Lugonu.
 46386 | Abyss:4  | Killed from afar by a hell hog

Skill      XL: |  1  2  3  4  5  6  7  8  9 10 11 12 13 14 15 16 17 18 19 20 21 22 23 |
---------------+----------------------------------------------------------------------+-----
Axes           | 3 4 5 6 8 9 11 14 16 19 | 19.0
Armour         | 5 9 11 12 13 14 16 18 20 | 20.3
Shields        | 7 11 12 13 14 15 17 19 21 | 21.5
Dodging        | 6 7 8 9 10 11 | 11.0
Invocations    | 9 11 14 15 16 18 | 18.0
Fighting       | 8 10 14 15 17 | 17.3

Action                   |  1- 3 |  4- 6 |  7- 9 | 10-12 | 13-15 | 16-18 | 19-21 | 22-24 || total
-------------------------+-------+-------+-------+-------+-------+-------+-------+-------++-------
Melee: War axe           |   127 |   213 |   443 |   846 |  1575 |    42 |       |       ||  3246
       Broad axe         |       |       |       |       |       |   853 |   587 |   934 ||  2374
Throw: Throwing net      |       |       |       |     2 |       |       |       |       ||     2
Invok: Animate Dead      |       |       |       |     1 |       |       |       |       ||     1
       Recall Undead Sla |       |       |       |       |     8 |    28 |    19 |     6 ||    61
       Injury Mirror     |       |       |       |       |     1 |       |       |       ||     1
       Enslave Soul      |       |       |       |       |     1 |     2 |       |       ||     3
       Drain Life        |       |       |       |       |       |     1 |     4 |     2 ||     7
Evoke: Wand              |       |       |       |     1 |     1 |     1 |     2 |     1 ||     6
  Use: Scroll            |     4 |     2 |    14 |     9 |    21 |    17 |     3 |     3 ||    73
       Potion            |       |     1 |       |       |     7 |     1 |     5 |     1 ||    15
 Stab: Distracted        |       |       |       |       |    21 |    27 |    13 |     1 ||    62
       Confused          |       |       |       |       |     2 |       |       |       ||     2
       Held in net/web   |       |       |       |       |     1 |       |       |       ||     1
       Paralysed         |       |       |       |       |     2 |     8 |     3 |     2 ||    15
  Eat: Chunk             |     1 |    10 |    11 |    24 |    29 |     4 |     6 |     2 ||    87
       Bread ration      |       |     2 |     1 |       |       |       |       |       ||     3
       Fruit             |       |       |       |     1 |     5 |     2 |       |       ||     8
       Pizza             |       |       |       |       |     5 |     2 |     3 |     5 ||    15
       Meat ration       |       |       |       |       |     1 |     5 |     2 |     1 ||     9
Armor: Scale mail        |    56 |    77 |   195 |    70 |       |       |       |       ||   398
       Plate armour      |       |       |       |   281 |   271 |       |       |       ||   552
       Chain mail        |       |       |       |       |   117 |   245 |   146 |   127 ||   635
Dodge: Dodged            |    32 |    56 |   102 |   112 |   344 |   253 |   103 |   164 ||  1166
Block: Shield            |    70 |   129 |   206 |   401 |   817 |       |       |       ||  1623
       Reflection        |       |       |       |       |    16 |    40 |    59 |    43 ||   158
       Large shield      |       |       |       |       |   310 |  1050 |   678 |   918 ||  2956
